 Dungeon Crawl Stone Soup version 0.31-a0-1529-g7bd419a0e5 (webtiles) character file.

Game seed: 4749201676600907333

193 dialectric the Covered (level 5, -2/47 HPs)
             Began as a Minotaur Fighter on Jan 1, 2024.
             Succumbed to an orc's poison
             ... on level 3 of the Dungeon.
             The game lasted 00:01:50 (1943 turns).

dialectric the Covered (Minotaur Fighter)           Turns: 1943, Time: 00:01:50

Health: -2/47      AC:  7    Str: 20    XL:     5   Next: 44%
Magic:  4/4        EV: 10    Int:  5    God:
Gold:   92         SH:  0    Dex: 12    Spells: 4/4 levels left

rFire   + . .        a - +0 flail
rCold   + . .        (no shield)
rNeg    . . .        b - +0 scale mail
rPois   +            (helmet restricted)
rElec   +            (no cloak)
rCorr   +            (no gloves)
SInv    .            (no boots)
Will    .....        (no amulet) Stlth
                     s - ring of flight
HPRegen 0.27/turn    (no ring)
MPRegen 0.09/turn

%: no passive effects
@: lethally poisoned (-2 -> -20), resistant, flying
A: horns 2, retaliatory headbutt
a: no special abilities


You were on level 3 of the Dungeon.
You visited 1 branch of the dungeon, and saw 3 of its levels.

You collected 92 gold pieces.

Inventory:

Hand Weapons
 a - a +0 flail (weapon)
Missiles
 l - 5 boomerangs (quivered)
Armour
 b - a +0 scale mail (worn)
 c - a +0 buckler
Jewellery
 s - a ring of flight (left hand)
Scrolls
 e - a scroll of revelation {unknown}
 g - a scroll of brand weapon {unknown}
 h - a scroll of teleportation {unknown}
 j - a scroll of enchant weapon {unknown}
 m - a scroll of noise {unknown}
 n - a scroll of poison {unknown}
 o - 3 scrolls of fog {unknown}
 p - a scroll of identify {unknown}
 q - a scroll of immolation {unknown}
 r - a scroll of torment {unknown}
Potions
 d - a potion of might
 i - a potion of enlightenment


   Skills:
 + Level 4.9 Fighting
 + Level 4.0 Maces & Flails
 + Level 4.9 Armour
 + Level 2.5 Dodging
 - Level 3.6 Shields


You had 4 spell levels left.
You didn't know any spells.
Your spell library contained the following spells:

 Spells                   Type           Power      Damage    Failure   Level
 Slow                     Hex            0%         N/A       82%         1
 Confusing Touch          Hex            0%         N/A       99%         3
 Sigil of Binding         Hex            0%         N/A       99%         3
 Vampiric Draining        Necr           0%         2d6       99%         3


Dungeon Overview and Level Annotations

Branches:
Dungeon (3/15)

Altars:


Innate Abilities, Weirdness & Mutations

You have a pair of horns on your head.
You reflexively headbutt those who attack you in melee.


Message History

The orc closely misses you.
You barely miss the orc.
The orc is almost dead.
You feel very sick. The orc hits you but does no damage. x2
You are more poisoned.
You barely miss the orc. Your headbutt misses the orc.
The orc is almost dead.
You feel extremely sick. The orc hits you with a +0 club. The orc misses you.
Unknown command.
You hit the orc.
You kill the orc!
You feel very sick. The orc barely misses you.
You are too injured to fight recklessly!
Unknown command.
You feel very sick. The orc hits you but does no damage.
You are lethally poisoned!
You see here a +0 whip.
You completely miss the orc.
* * * LOW HITPOINT WARNING * * *
You feel very sick. The orc barely misses you.
You closely miss the orc.
* * * LOW HITPOINT WARNING * * *
You feel very sick. The orc hits you but does no damage.
You are more poisoned.
The orc closely misses you. You furiously retaliate!
You headbutt the orc, but do no damage.
It was a potion of resistance.
You feel protected.
* * * LOW HITPOINT WARNING * * *
You feel very sick. The orc misses you.
Unknown command.
It was a potion of magic.
Magic courses through your body.
You die...

#..# #. ###
###.#######. #
#...###...........
#.
#.......########
#. ####...## #..
#...##
#.#####.#..#
#.o.##..#..#
#@##.#...#
#))....#.#
###...##..# #..)#
#.# #....# ..
#.....# #.#
#####.# .# #..
##..


You could see an orc.

Vanquished Creatures
  A bombardier beetle (D:3)
  3 gnolls (D:3)
  6 adders
  2 dart slugs
  A ribbon worm (D:2)
  6 orcs (D:3)
  10 ball pythons
  2 endoplasms (D:3)
  2 giant cockroaches
  3 goblins
  2 hobgoblins (D:1)
  7 jackals
  5 quokkas
  3 bats
  9 frilled lizards
  7 kobolds
  3 rats
72 creatures vanquished.

Notes
Turn   | Place    | Note
-------+----------+-------------------------------------------
     0 | D:1      | dialectric the Minotaur Fighter began the quest for the
                  | Orb.
     0 | D:1      | Reached XP level 1. HP: 19/19 MP: 0/0
   211 | D:1      | Reached XP level 2. HP: 27/27 MP: 1/1
   246 | D:1      | Reached skill level 1 in Dodging
   611 | D:1      | Reached XP level 3. HP: 33/33 MP: 2/2
  1169 | D:2      | Reached XP level 4. HP: 41/41 MP: 3/3
  1555 | D:3      | Reached XP level 5. HP: 19/47 MP: 4/4
  1942 | D:3      | HP: 2/47 [poisoned by an orc]
  1943 | D:3      | Succumbed to an orc's poison

Illustrated notes

Levels and vault maps discovered:
D:1:      dpeg_arrival_ternary, layout_basic
D:2:      layout_basic, palyth_stone_intersect, minmay_misc_feat_enclosed,
          grunt_decor_resistance, serial_bayou_pond_b,
          small_statue_intersection, minmay_misc_feat_rows
D:3:      layout_rooms, nicolae_overflow_crystal_walls

Skill      XL: |  1  2  3  4  5 |
---------------+----------------+-----
Dodging        | 1 2 |  2.5
Fighting       | 4 |  4.9
Armour         | 4 |  4.9
Maces & Flails | 3 4 |  4.0
Shields        | |  3.6

Action                     |  1- 3 |  4- 6 || total
---------------------------+-------+-------++-------
  Melee: Flail             |    78 |    53 ||   131
         Headbutt          |     9 |     7 ||    16
    Use: Potion            |       |     3 ||     3
 Armour: Scale mail        |    70 |    44 ||   114
  Dodge: Dodged            |    54 |    43 ||    97

Table legend: (Time is in decaauts)
 A = Elapsed time spent in this place.
 B = Non-inter-level travel time spent in this place.
 C = Inter-level travel time spent in this place.
 D = Time resting spent in this place.
 E = Time spent auto-exploring this place.
 F = Levels seen in this place.
 G = Mean time per level.
                   A        B        C        D        E       F      G
               +--------+--------+--------+--------+--------+-----+--------+
         Total |   1973 |   1936 |     37 |     48 |   1489 |   3 |  657.7 |
       Dungeon |   1973 |   1936 |     37 |     48 |   1489 |   3 |  657.7 |
               +--------+--------+--------+--------+--------+-----+--------+

Top non-repeatable levels by time:
     D:1: 910 daAuts
     D:2: 642 daAuts
     D:3: 420 daAuts
